 Dungeon Crawl Stone Soup version 0.27.1-35-g4d5d836560 (console) character file.

Game seed: 9054127176917598465

93282 grimtooth the Lord of Darkness (level 15, -3/135 HPs)
             Began as a Deep Dwarf Necromancer on Mar 27, 2022.
             Was the Champion of Kikubaaqudgha.
             Slain by an orc knight (13 damage)
             ... on level 1 of the Orcish Mines on Mar 28, 2022.
             The game lasted 03:59:01 (37311 turns).

grimtooth the Lord of Darkness (DDNe)              Turns: 37311, Time: 03:59:02

Health: -3/135     AC: 18    Str: 16    XL:     15   Next: 60%
Magic:  34/34 (25) EV: 14    Int: 18    God:    Kikubaaqudgha [******]
Gold:   2523       SH:  5    Dex: 13    Spells: 15/32 levels left

rFire    . . .     SeeInvis .   b - +6 eveningstar
rCold    . . .     Faith    .   (no shield)
rNeg     + . .     Spirit   .   L - quicksilver dragon scales
rPois    .         Reflect  +   (no helmet)
rElec    .         Harm     .   T - +0 cloak
rCorr    .         Rampage  .   Z - +2 pair of gloves
Will     +++..                  i - +0 pair of boots
Stlth    ++........             C - amulet of reflection
HPRegen  0.00/turn              V - +4 ring of slaying
MPRegen  0.24/turn              q - ring of magical power

@: lethally poisoned (-3 -> -3), slowed, very slow
A: damage resistance, heal wounds, negative energy resistance 1, sense
surroundings 2, no regeneration
a: Heal Wounds, Renounce Religion, Receive Corpses, Torment, Brand Weapon With
Pain, Receive Forbidden Knowledge


You were on level 1 of the Orcish Mines.
You worshipped Kikubaaqudgha.
Kikubaaqudgha was exalted by your worship.
You visited 4 branches of the dungeon, and saw 21 of its levels.
You also visited: Bailey and Ice Cave.

You collected 2523 gold pieces.

Inventory:

Hand Weapons
 a - the +8 storm bow {elec, penet}
   (You acquired it on level 11 of the Dungeon)

   Any ammunition fired from it occasionally discharges a powerful burst of
   electricity upon striking a foe.
   Any ammunition fired by it passes through the targets it hits, potentially
   hitting all targets in its path until it reaches maximum range.
 b - a +6 eveningstar (weapon)
 k - a +2 vampiric war axe
Missiles
 y - 195 arrows
 B - 94 boomerangs (quivered)
 F - a throwing net {=f}
Armour
 i - a +0 pair of boots (worn)
 L - quicksilver dragon scales (worn)
 T - a +0 cloak (worn)
 Z - a +2 pair of gloves (worn)
Jewellery
 d - a ring of poison resistance
 q - a ring of magical power (right hand)
 s - a +4 ring of evasion
 C - an amulet of reflection (around neck)
 V - a +4 ring of slaying (left hand)
Wands
 j - a wand of charming (23)
 m - a wand of mindburst (10)
 p - a wand of acid (7)
 J - a wand of iceblast (1)
 M - a wand of polymorph (8)
 U - a wand of flame (43)
 X - a wand of paralysis (12)
Scrolls
 e - 10 scrolls of teleportation
 l - a scroll of immolation {unknown}
 o - 2 scrolls of fog {unknown}
 t - a scroll of amnesia {unknown}
 x - a scroll of enchant armour {unknown}
 E - 2 scrolls of summoning
 H - 3 scrolls of blinking {unknown}
 I - 3 scrolls of vulnerability {unknown}
 K - 4 scrolls of enchant weapon {unknown}
 R - 2 scrolls of magic mapping
 Y - 3 scrolls of fear {unknown}
Potions
 c - 3 potions of heal wounds
 f - 5 potions of might
 g - a potion of resistance
 h - a potion of magic
 n - 6 potions of flight
 u - 6 potions of curing
 v - a potion of haste
 w - 6 potions of ambrosia
 z - 4 potions of cancellation
 D - 3 potions of lignification
 Q - 2 potions of attraction
 W - a potion of invisibility


   Skills:
 - Level 9.0 Fighting
 + Level 8.2 Bows
 * Level 8.8 Armour
 * Level 8.8 Dodging
 - Level 6.0 Stealth
 - Level 9.0 Spellcasting
 - Level 9.0 Conjurations
 - Level 15.0 Necromancy
 - Level 9.0 Evocations


You had 15 spell levels left.
You knew the following spells:

 Your Spells              Type           Power      Damage    Failure   Level
a - Vampiric Draining     Necr           29%        2d10      1%          3
b - Pain                  Necr           100%       1d9       1%          1
c - Mephitic Cloud        Conj/Pois/Air  18%        N/A       13%         3
g - Agony                 Necr           58%        N/A       1%          5
u - Dispel Undead         Necr           58%        3d21      1%          4
z - Animate Skeleton      Necr           100%       N/A       1%          1

Your spell library contained the following spells:

 Spells                   Type           Power      Damage    Failure   Level
 Magic Dart               Conj           100%       1d8       1%          1
 Searing Ray              Conj           80%        3d6       1%          2
 Sublimation of Blood     Necr           29%        N/A       1%          2
 Animate Dead             Necr           29%        N/A       1%          4
 Excruciating Wounds      Necr           29%        N/A       1%          5
 Shock                    Conj/Air       96%        1d9       2%          1
 Death Channel            Necr           29%        N/A       4%          6
 Corona                   Hex            8%         N/A       14%         1
 Ensorcelled Hibernation  Hex/Ice        16%        N/A       22%         2
 Passwall                 Tmut/Erth      6%         N/A       22%         2
 Fulminant Prism          Conj/Hex       12%        3d9       22%         4
 Frozen Ramparts          Ice            16%        1d3       41%         3
 Ignite Poison            Fire/Tmut/Pois 8%         N/A       41%         3
 Spider Form              Tmut/Pois      4%         N/A       41%         3
 Swiftness                Air            8%         N/A       41%         3
 Tukima's Dance           Hex            8%         N/A       41%         3
 Simulacrum               Ice/Necr       17%        N/A       71%         6
 Bolt of Magma            Conj/Fire/Erth 9%         4d7       75%         5
 Airstrike                Air            4%         N/A       82%         4
 Ice Form                 Ice/Tmut       8%         N/A       82%         4
 Summon Ice Beast         Ice/Summ       8%         N/A       82%         4
 Infestation              Necr           29%        N/A       90%         8
 Haunt                    Necr/Summ      17%        N/A       99%         7
 Invisibility             Hex            4%         N/A       100%        6
 Shadow Creatures         Summ           N/A        N/A       100%        6


Dungeon Overview and Level Annotations

Branches:
Dungeon (12/15)            Temple (1/1) D:5            Lair (6/6) D:8
  Swamp (0/4) Lair:2        Snake (0/4) Lair:2        Slime (0/5) Lair:5
    Orc (2/2) D:12            Elf (0/3) Orc:2        Bailey (visited)
  IceCv (visited)

Altars:
Ashenzari
Cheibriados
Elyvilon
Fedhas
Gozag
Kikubaaqudgha
Makhleb
Nemelex Xobeh
Okawaru
Qazlal
Ru
Sif Muna
Trog
Uskayaw
Vehumet
Wu Jian
Xom
Yredelemnul
Zin
The Shining One
Jiyva

Shops:
D:6 :

Annotations:
D:7 Maggie
D:11 1 runed translucent door, LustLizard's ghost, journeyman MiBe
Lair:5 1 runed translucent door
Orc:1 1 transporter
Orc:2 Sonja


Innate Abilities, Weirdness & Mutations

You are resistant to damage.
You can heal yourself by infusing magical energy.
You resist negative energy. (rN+)
You passively map the area around you.
You do not regenerate.


Message History

* * * LOW HITPOINT WARNING * * *
The orc knight hits you with a +3 great sword of freezing!!
* * * LOW HITPOINT WARNING * * *
The orc knight freezes you!
* * * LOW HITPOINT WARNING * * *
You block the orc's attack. The orc hits you but does no damage.
The ogre barely misses you.
The two-headed ogre completely misses you.
You block the two-headed ogre's attack.
You climb upwards.
Level annotation: 1 transporter
There is a stone staircase leading down, spattered with blood here.
Press: ? - help, v - describe, . - travel, g - get item
Items here: ))) [ ÷ †.
The floor, spattered with blood.
Enter note: - how did that happen
Enter note: - ah sobnja You feel much better.
You block the orc knight's attack. You block the orc's attack.
The ogre misses you.
The orc knight hits you but does no damage.
The two-headed ogre hits you with a +0 giant spiked club!!
* * * LOW HITPOINT WARNING * * *
The two-headed ogre hits you with a +0 giant club!
* * * LOW HITPOINT WARNING * * *
The orc hits you with a +2 mace of protection!
* * * LOW HITPOINT WARNING * * *
Enter note: - this is bad Saving game... please wait.
Level annotation: 1 transporter Welcome back, grimtooth the Deep Dwarf Necromancer.
Kikubaaqudgha says: Spread unending torment and darkness!
Press ? for a list of commands and other information.
Enter note: - so probably only a blink can save me
Enter note: - or fear...what are the odds
Okay, then.
As you read the scroll labelled ANENAO BYGUSKU, it crumbles to dust.
Wisps of shadow whirl around you...
It was a scroll of summoning.
The orc knight hits you with a +3 great sword of freezing!!
You die...
Kikubaaqudgha rasps: "You have failed me!
Welcome... death!"

##....#.#.##........####
##.#......##.........#
####..........##........#
##.#....#..........^.....#
#........................#
####....#...............#..#
##.#.....[##........#.......#
#...#.......................#
##..............)O.....#))..#
* ##..[.....o..oo).........[.#
*
##.#..........O@O.#......[..#
*,
#.....)......oo[(.......)[[.#
*
##..##.###.....h.............#
#...#### ##o.................#
** ##.##
#####..................# ###
##.##.....#.#)..........#
#...[......##...#...#...#
##.##.##...#).).........#
######.....#.#.........#
##.#..[##......##.#
###.)##.......#..#


You could see an orc knight (ally target), a two-headed ogre (ally target), an
ogre, an orc (strong, ally target), a friendly orc knight (summoned), a friendly
warg (summoned), a friendly orc warrior (summoned, wandering), a friendly ogre
(summoned), a friendly orc priest (summoned) and a friendly orc (summoned,
wandering).

Vanquished Creatures
  Josephine (Lair:6)
  16 hydras
  A boulder beetle (D:11)
  A centaur warrior (D:12)
  An ogre mage (Orc:2)
  11 death yaks
  10 two-headed ogres
  Urug (Lair:2)
  Nergalle (D:11)
  An iron troll (Orc:1)
  A deep troll (Orc:1)
  An orc knight (Orc:1)
  3 cyclopes
  2 orc sorcerers
  2 manticores (D:12)
  5 slime creatures (D:12)
  3 elephants (Lair:4)
  An ugly thing (IceCv)
  8 black mambas
  A torpor snail (Lair:5)
  An unseen horror (D:11)
  8 cane toads
  4 rime drakes
  Psyche (D:12)
  5 komodo dragons
  A queen bee (Lair:3)
  A polar bear (Lair:6)
  12 trolls
  A tyrant leech (Lair:2)
  28 blink frogs
  3 hornets
  3 dream sheep (Lair:6)
  4 wraiths
  A dire elephant simulacrum (IceCv)
  11 spriggans (Lair:6)
  A wyvern (D:9)
  A vampire (D:11)
  5 basilisks
  45 yaks
  Edmund (D:4)
  Menkaure (D:4)
  A swamp worm (Lair:2)
  A warg (Orc:1)
  2 nagas (Lair:2)
  An acid dragon (D:9)
  Duvessa (D:4)
  15 water moccasins
  7 black bears
  13 orc warriors
  A necrophage (D:6)
  3 ice beasts
  12 ogres
  5 boggarts (Lair:6)
  3 centaurs
  21 wolves (Lair:6)
  2 phantoms
  A kobold brigand (D:9)
  14 bullfrogs
  A cane toad simulacrum (IceCv)
  2 scorpions
  An elephant simulacrum (IceCv)
  27 killer bees
  16 wights
  2 howler monkeys
  4 centaur zombies
  A bullfrog zombie (D:7)
  A hound (D:7)
  4 centaur skeletons
  Crazy Yiuf (D:5)
  10 orc priests
  5 iguanas
  11 orc wizards
  12 hell rats
  2 wolf simulacra (IceCv)
  2 howler monkey zombies
  20 gnolls
  7 adders
  2 howler monkey skeletons
  3 shadow imps
  An ufetubus (D:4)
  5 worms
  3 dart slugs
  53 orcs
  2 endoplasms
  13 giant cockroaches
  15 hobgoblins
  7 jackals
  5 quokkas
  7 ball pythons
  4 bats
  4 frilled lizards
  12 goblins
  23 kobolds
  7 rats
607 creatures vanquished.

Vanquished Creatures (collateral kills)
  A two-headed ogre (D:11)
  A swamp worm (Lair:2)
  Dowan (D:4)
3 creatures vanquished.

Vanquished Creatures (others)
  A bush (Lair:6)
  92 fungi
  85 plants
178 creatures vanquished.

Grand Total: 788 creatures vanquished

Notes
Turn   | Place    | Note
-------+----------+-------------------------------------------
     0 | D:1      | grimtooth the Deep Dwarf Necromancer began the quest for
                  | the Orb.
     0 | D:1      | Reached XP level 1. HP: 15/15 MP: 3/3
   375 | D:1      | Reached XP level 2. HP: 22/22 MP: 3/5
   756 | D:1      | Learned a level 1 spell: Animate Skeleton
   950 | D:1      | Found a faded altar of an unknown god.
  1059 | D:1      | Reached skill level 5 in Necromancy
  1059 | D:1      | Reached XP level 3. HP: 28/28 MP: 4/6
  1338 | D:1      | Learned a level 3 spell: Vampiric Draining
  1365 | D:2      | Found a glowing golden altar of the Shining One.
  1866 | D:2      | Reached XP level 4. HP: 14/36 MP: 0/8
  2941 | D:3      | Reached skill level 6 in Necromancy
  3213 | D:3      | Found a sacrificial altar of Ru.
  3346 | D:3      | Reached XP level 5. HP: 25/42 MP: 1/8
  3760 | D:3      | Noticed a water moccasin
  3774 | D:3      | Killed a water moccasin
  3775 | D:3      | Reached skill level 7 in Necromancy
  4279 | D:3      | Reached XP level 6. HP: 49/49 MP: 6/9
  4738 | D:4      | Noticed Edmund
  4870 | D:4      | Noticed Menkaure
  4886 | D:4      | Killed Menkaure
  4887 | D:4      | Reached skill level 8 in Necromancy
  4904 | D:4      | Killed Edmund
  4905 | D:4      | Reached XP level 7. HP: 37/51 MP: 0/9
  5013 | D:4      | Found a white marble altar of Elyvilon.
  5174 | D:4      | Identified the ring of the Tormentor {Wiz rC++}
  5190 | D:4      | Learned a level 5 spell: Agony
  5200 | D:4      | Reached skill level 9 in Necromancy
  5200 | D:4      | Reached skill level 1 in Fighting
  5720 | D:4      | Noticed Dowan
  5721 | D:4      | Noticed Duvessa
  5867 | D:5      | Entered Level 5 of the Dungeon
  6527 | D:5      | Found a staircase to the Ecumenical Temple.
  6545 | Temple   | Entered the Ecumenical Temple
  6556 | Temple   | Became a worshipper of Kikubaaqudgha
  6706 | D:5      | Reached XP level 8. HP: 73/73 MP: 1/10
  6764 | D:5      | Reached skill level 5 in Fighting
  7312 | D:5      | Found a runed translucent door.
  7315 | D:5      | Noticed Crazy Yiuf
  7571 | D:6      | Found Rievvyat's Book Shop.
  8115 | D:6      | Reached skill level 5 in Stealth
  8415 | D:6      | Gained mutation: You passively map the area around you.
                  | [Deep Dwarf growth]
  8415 | D:6      | Reached XP level 9. HP: 54/82 MP: 0/13
  8545 | D:6      | Reached skill level 5 in Spellcasting
  9253 | D:6      | Reached skill level 1 in Armour
  9399 | D:7      | Reached * piety under Kikubaaqudgha
  9399 | D:7      | Received a gift from Kikubaaqudgha
  9462 | D:7      | Found a shimmering blue altar of Sif Muna.
  9498 | D:7      | Noticed Maggie
 11023 | D:8      | Noticed a two-headed ogre
 11118 | D:8      | Found a radiant altar of Vehumet.
 11170 | D:7      | Reached skill level 5 in Dodging
 11679 | D:8      | Killed a two-headed ogre
 11680 | D:8      | Reached XP level 10. HP: 48/91 MP: 1/17
 11997 | D:8      | Found a staircase to the Lair.
 12282 | D:8      | Found a basalt altar of Yredelemnul.
 12285 | D:8      | Noticed a profane servitor
 12295 | D:8      | Found a glowing golden altar of the Shining One.
 12297 | D:8      | Noticed an angel
 12689 | D:9      | Found a hide-covered altar of Uskayaw.
 12693 | D:9      | Identified the ring of Vaonlek {Ice Str+3}
 12896 | D:9      | Found a flagged portal.
 12906 | D:9      | Reached ** piety under Kikubaaqudgha
 13045 | Bailey   | Entered a bailey
 14373 | D:9      | Found a glowing silver altar of Zin.
 14373 | D:9      | Noticed an angel
 15036 | D:5      | Killed Crazy Yiuf
 15157 | D:4      | Reached *** piety under Kikubaaqudgha
 15157 | D:4      | Received a gift from Kikubaaqudgha
 15163 | D:4      | Learned a level 4 spell: Dispel Undead
 15167 | D:4      | Learned a level 3 spell: Mephitic Cloud
 15421 | D:4      | Killed Duvessa
 15436 | D:4      | Killed Dowan
 16104 | D:10     | Entered Level 10 of the Dungeon
 16219 | D:10     | Reached skill level 1 in Conjurations
 16374 | D:10     | Found a sparkling altar of Nemelex Xobeh.
 16413 | D:10     | Reached skill level 10 in Necromancy
 16474 | D:10     | Paralysed by a wight for 7 turns
 16895 | D:10     | Reached XP level 11. HP: 55/104 MP: 0/18
 17895 | D:11     | Found a runed translucent door.
 17895 | D:11     | Noticed a two-headed ogre
 17904 | D:11     | Killed a two-headed ogre
 17976 | D:11     | Found a shimmering altar of Xom.
 17976 | D:11     | Noticed LustLizard's ghost (journeyman MiBe)
 17977 | D:11     | Noticed a +0 dire flail of chaos
 17997 | D:11     | Noticed a two-headed ogre
 18005 | D:11     | Killed a two-headed ogre
 18043 | D:11     | Noticed a boulder beetle
 18060 | D:11     | - crap
 18093 | D:11     | Killed a boulder beetle
 18094 | D:11     | Reached skill level 11 in Necromancy
 18196 | D:11     | Noticed Nergalle
 19020 | D:11     | Acquired the +8 storm bow {elec, penet}
 19020 | D:11     | Found the +8 storm bow {elec, penet}
 19053 | D:11     | Noticed a two-headed ogre
 19058 | D:11     | Killed a two-headed ogre
 19059 | D:11     | Reached skill level 5 in Conjurations
 19142 | D:11     | Killed Nergalle
 19598 | Lair:1   | Entered Level 1 of the Lair of Beasts
 19929 | Lair:1   | Noticed a four-headed hydra
 20015 | Lair:1   | Noticed a four-headed hydra
 20022 | Lair:1   | Killed a four-headed hydra
 20023 | Lair:1   | Reached skill level 12 in Necromancy
 20023 | Lair:1   | Reached skill level 1 in Bows
 20023 | Lair:1   | Reached skill level 1 in Evocations
 20116 | Lair:1   | Noticed a six-headed hydra
 20184 | Lair:1   | Killed a six-headed hydra
 20776 | Lair:1   | Killed a four-headed hydra
 20777 | Lair:1   | Reached XP level 12. HP: 57/114 MP: 3/19
 20925 | Lair:2   | Noticed Urug
 20938 | Lair:2   | HP: 4/114 [Urug (22)]
 20939 | Lair:2   | - well shit
 20944 | Lair:2   | Killed Urug
 20945 | Lair:2   | Reached skill level 5 in Evocations
 21453 | Lair:2   | Noticed a five-headed hydra
 21453 | Lair:2   | Noticed a seven-headed hydra
 21459 | Lair:2   | Killed a five-headed hydra
 21460 | Lair:2   | Killed a seven-headed hydra
 21675 | Lair:2   | Found a staircase to the Swamp.
 21848 | Lair:2   | Found a staircase to the Snake Pit.
 22233 | Lair:2   | Reached **** piety under Kikubaaqudgha
 22826 | Lair:3   | Noticed a six-headed hydra
 22826 | Lair:3   | Found a frozen archway.
 22836 | Lair:3   | - whoops
 22847 | Lair:3   | Killed a six-headed hydra
 22877 | IceCv    | Entered an ice cave
 22892 | IceCv    | Found a transporter.
 22923 | IceCv    | Reached skill level 5 in Bows
 22935 | IceCv    | Found a transporter.
 23332 | Lair:3   | Noticed a six-headed hydra
 23357 | Lair:3   | Killed a six-headed hydra
 24876 | Lair:4   | Noticed an eight-headed hydra
 24892 | Lair:4   | Killed an eight-headed hydra
 24893 | Lair:4   | Reached XP level 13. HP: 100/121 MP: 2/20
 24893 | Lair:4   | Gained mutation: You resist negative energy. (rN+) [Deep
                  | Dwarf growth]
 24893 | Lair:4   | Reached XP level 14. HP: 107/129 MP: 2/23
 25102 | Lair:4   | Reached skill level 13 in Necromancy
 27221 | Lair:5   | Found a runed translucent door.
 27547 | Lair:5   | Reached ***** piety under Kikubaaqudgha
 27549 | Lair:5   | Reached skill level 14 in Necromancy
 28658 | Lair:5   | Found a viscous altar of Jiyva.
 28725 | Lair:5   | Noticed an acid blob
 28726 | Lair:5   | Found a staircase to the Slime Pits.
 28774 | Lair:6   | Entered Level 6 of the Lair of Beasts
 28781 | Lair:6   | Noticed Josephine
 30276 | Lair:6   | Killed Josephine
 31034 | Lair:6   | Reached skill level 15 in Necromancy
 31061 | Lair:5   | Reached XP level 15. HP: 47/135 MP: 1/25
 33059 | D:8      | Acquired 1013 gold pieces
 33239 | D:12     | Identified the +7 morningstar "Teprukhi" {flame, Int+4
                  | SInv}
 33465 | D:12     | Found a staircase to the Orcish Mines.
 33665 | D:12     | Noticed Psyche
 34018 | D:12     | Killed Psyche
 34890 | Orc:1    | Entered Level 1 of the Orcish Mines
 35271 | Orc:1    | Found a transporter.
 35639 | Orc:2    | Entered Level 2 of the Orcish Mines
 35642 | Orc:2    | Noticed Sonja
 36445 | Orc:2    | Reached ****** piety under Kikubaaqudgha
 37310 | Orc:1    | - how did that happen
 37310 | Orc:1    | - ah sobnja
 37311 | Orc:1    | - this is bad
 37311 | Orc:1    | - so probably only a blink can save me
 37311 | Orc:1    | - or fear...what are the odds
 37311 | Orc:1    | Slain by an orc knight

Illustrated notes ,.........# #... ########.# #... #.# #... #.# #... #.# #.$. #.########*#... #......... .## #)######## * ##########.# #..........# #....°B@...# #..........# * #.....(....# ** * #............ , #..........### #..(.....<.# , #..........# * * #..../.....# *, ,, ,, * * , * * * ,* * * Turn 18060 on D:11: - crap

, ,
#.##........<. *
###....#...#.. ,
* ##....###P###
, .. #.......###
..# ##.........
* ,...#
####...#......#
, , ..<.##
##P...####.#....
, ,
......##.....#
##...., ,
PP........####
#. , *#.......#
*,, * ##....@##
,,, ,, #.#..o##
, , * .#.....# *
,, * ,
#........# * ,
*#......o#.# , *
#....P...( # , *
* , *
♣..P.#.#...* , *
♣♣♣♣####.!.( , *
, ≈ P...F , * ≈
≈≈ ≈* *.P...(
,,,


Turn 20939 on Lair:2: - well shit * , * ### ## , #######.#####P## *
##..≈............ * ,#.........#≈.......... ,, ,, .......#..≈#≈.........
,,......≈#...≈#......... ......≈#.....≈<......., ......≈#∩.k........... ,
,......≈#####Y......... ,......≈≈≈≈≈Y.......... ,* .##@kkZ.D......... * , ,
#..#Y...####..###* , , , *#######.# .## , , ** , * ### ## , , * * , , * ,, , * *
* , * * Turn 22836 on Lair:3: - whoops ##....#.#.##........####
##.#......##.........# ####..........##........# ##.#....#..........^.....#
#........................# ####....#...............#..#
##.#.....[##........#.......# #...#.......................#
##..............)......#))..# * ##..[........
